 Dungeon Crawl Stone Soup version 0.24-a0-613-g1ff6aac338 (webtiles) character file.

Game seed: 7185875528551967503, levelgen mode: deterministic

275455 Htamos the Markscentaur (level 19, 0/177 HPs)
             Began as a Centaur Monk on Sept 9, 2019.
             Was the Champion of Ru.
             Slain by a jiangshi (17 damage)
             ... led by a vampire mage
             ... on level 3 of the Depths on Sept 10, 2019.
             The game lasted 04:34:44 (68270 turns).

Htamos the Markscentaur (Centaur Monk)             Turns: 68270, Time: 04:34:45

Health: 0/177      AC: 21    Str: 17    XL:     19   Next: 93%
Magic:  19/19      EV: 10    Int: 11    God:    Ru [******]
Gold:   1915       SH:  0    Dex: 25    Spells: 18/18 levels left

rFire    + . .     SeeInvis +   a - +5 short sword "Q" {venom, MR++ Str+2 Int+2}
rCold    x . .     Gourm    .   (no shield)
rNeg     . . .     Faith    .   A - +6 plate armour of Resilience {Dex+6 SInv}
rPois    .         Spirit   .   K - +2 hat
rElec    .         Reflect  .   P - scarf {repulsion}
rCorr    .         Harm     .   F - +0 pair of gloves
MR       +++..                  (no barding)
Stlth    ..........             v - amulet of regeneration (curse)
HPRegen  0.79/turn              S - ring of fire
MPRegen  0.16/turn              s - ring "Wacoupis" {AC+1 Slay+2 SInv}

@: very slightly contaminated, studying Shields, repel missiles, very quick
A: large, hooves 3, deformed body, speed 2, tough skin 3, no stealth, inability
to use devices, hated by all, no air magic, no necromancy magic, no
translocations magic, unskilled 1
}: 1/15 runes: serpentine
a: Draw Out Power, Power Leap, Apocalypse, Renounce Religion


You were on level 3 of the Depths.
You worshipped Ru.
Ru was exalted by your worship.
You were hungry.

You visited 7 branches of the dungeon, and saw 33 of its levels.
You also visited: Bailey.

You collected 3227 gold pieces.
You spent 1312 gold pieces at shops.

Inventory:

Hand Weapons
 a - the +5 short sword "Q" (weapon) {venom, MR++ Str+2 Int+2}
   (You found it on level 9 of the Dungeon)

   It poisons the flesh of those it strikes.
   It affects your strength (+2).
   It affects your intelligence (+2).
   It affects your resistance to hostile enchantments.
 b - the +2 shortbow "Suobruwn" {flame, Dex+9}
   (You found it on level 6 of the Lair of Beasts)

   It causes projectiles fired from it to burn those they strike, causing extra
   injury to most foes and up to half again as much damage against particularly
   susceptible opponents.
   It affects your dexterity (+9).
 J - a +4 falchion of holy wrath
 M - a +1 rapier of draining
 Q - the +7 quarterstaff of Dady {vamp, Int+3}
   (You took it off a frost giant on level 3 of the Depths)

   It inflicts no extra harm, but heals its wielder when it wounds a living foe.
   It affects your intelligence (+3).
Missiles
 l - 328 arrows
 u - 106 poisoned darts
 H - 3 throwing nets
 R - 4 curare-tipped darts (quivered)
Armour
 h - a +2 scale mail of fire resistance
 j - the +0 robe "Jafy" {Regen+ Dex+6}
   (You bought it in a shop on level 1 of the Orcish Mines)

   It affects your dexterity (+6).
   It increases your rate of regeneration.
 n - a +7 chain mail of magic resistance
 o - a +3 leather armour of poison resistance
 q - a scarf of cloud immunity
 w - a +2 chain mail of poison resistance
 A - the +6 plate armour of Resilience (worn) {Dex+6 SInv}
   (You found it on level 2 of the Depths)

   It affects your dexterity (+6).
   It lets you see invisible.
 C - a scarf of cloud immunity
 F - a +0 pair of gloves (worn)
 I - the +2 ring mail "Ofraa" {MR+}
   (You found it on level 3 of the Snake Pit)

   It affects your resistance to hostile enchantments.
 K - a +2 hat (worn)
 P - a scarf of repulsion (worn)
Jewellery
 d - an uncursed ring of see invisible
 f - an uncursed ring of positive energy
 g - an uncursed amulet of the acrobat
 k - the ring "Attixeah" {rPois rN+ Str+4}
   (You found it on level 1 of the Depths)

   [ring of strength]

   It affects your strength (+4).
   It protects you from poison.
   It protects you from negative energy.
 s - the ring "Wacoupis" (right hand) {AC+1 Slay+2 SInv}
   (You bought it in a shop on level 1 of the Snake Pit)

   [ring of protection]

   It affects your AC (+1).
   It affects your accuracy and damage with ranged weapons and melee attacks
   (+2).
   It lets you see invisible.
 v - a cursed amulet of regeneration (around neck)
 y - an uncursed ring of ice
 z - the ring of Nofu {rElec Stlth-}
   (You found it on level 5 of the Lair of Beasts)

   [ring of attention]

   It insulates you from electricity.
   It makes you less stealthy.
 B - a +3 amulet of reflection
 S - a ring of fire (left hand)
 T - an uncursed ring of poison resistance
 Z - an uncursed amulet of guardian spirit
Scrolls
 e - 20 scrolls of remove curse
 i - 5 scrolls of identify {@rr}
 p - 10 scrolls of teleportation
 D - 3 scrolls of fog
 V - 10 scrolls of amnesia
 W - 3 scrolls of magic mapping
 X - 3 scrolls of enchant weapon
Potions
 r - 3 potions of curing {@qc}
 E - a potion of might
 G - 5 potions of brilliance
 L - a potion of cancellation
 N - 5 potions of flight
 U - 4 potions of haste
 Y - 2 potions of mutation
Books
 m - a manual of Shields
 t - a manual of Shields
Comestibles
 c - 55 rations


   Skills:
 + Level 17.0 Fighting
 + Level 15.1(15.4) Short Blades
 - Level 4.9(11.2) Long Blades
 + Level 19.7 Bows
 - Level 7.6 Armour
 - Level 11.4 Dodging


You had 18 spell levels left.
You didn't know any spells.
Your spell library contained the following spells:

 Spells                   Type           Power        Failure   Level  Hunger
 Beastly Appendage        Tmut           #.....       100%        1    ##.....
 Confusing Touch          Hex            #.....       100%        1    ##.....
 Flame Tongue             Conj/Fire      #....        100%        1    ##.....
 Freeze                   Ice            #...         100%        1    ##.....
 Magic Dart               Conj           #...         100%        1    ##.....
 Searing Ray              Conj           #.....       100%        2    ###....
 Throw Flame              Conj/Fire      #.....       100%        2    ###....
 Throw Frost              Conj/Ice       #.....       100%        2    ###....
 Confuse                  Hex            #.......     100%        3    ####...
 Conjure Flame            Conj/Fire      #.......     100%        3    ####...
 Dazzling Spray           Conj/Hex       #.....       100%        3    ####...
 Inner Flame              Hex/Fire       #.......     100%        3    ####...
 Ozocubu's Armour         Chrm/Ice       #.......     100%        3    ####...
 Spider Form              Tmut/Pois      #.........   100%        3    ####...
 Fulminant Prism          Conj/Hex       #.........   100%        4    #####..
 Ice Form                 Ice/Tmut       #.......     100%        4    #####..
 Iskenderun's Mystic Bla  Conj           #.......     100%        4    #####..
 Petrify                  Tmut/Erth      #.......     100%        4    #####..
 Sticky Flame             Conj/Fire      #.......     100%        4    #####..
 Throw Icicle             Conj/Ice       #.......     100%        4    #####..
 Blade Hands              Tmut           #.........   100%        5    ######.
 Fireball                 Conj/Fire      #.........   100%        5    ######.
 Irradiate                Conj/Tmut      #.........   100%        5    ######.
 Metabolic Englaciation   Hex/Ice        #.........   100%        5    ######.
 Yara's Violent Unravell  Hex/Tmut       #.........   100%        5    ######.
 Hydra Form               Tmut           #.........   100%        6    #######
 Statue Form              Tmut/Erth      #........    100%        6    #######
 Dragon Form              Tmut           #.........   100%        7    #######
 Animate Skeleton         Necr           Unusable     N/A         1    N/A
 Pain                     Necr           Unusable     N/A         1    N/A
 Shock                    Conj/Air       Unusable     N/A         1    N/A
 Sticks to Snakes         Tmut           Unusable     N/A         2    N/A
 Swiftness                Chrm/Air       Unusable     N/A         2    N/A
 Gell's Gravitas          Tloc           Unusable     N/A         3    N/A
 Regeneration             Chrm/Necr      Unusable     N/A         3    N/A
 Static Discharge         Conj/Air       Unusable     N/A         3    N/A
 Vampiric Draining        Necr           Unusable     N/A         3    N/A
 Airstrike                Air            Unusable     N/A         4    N/A
 Animate Dead             Necr           Unusable     N/A         4    N/A
 Force Lance              Conj/Tloc      Unusable     N/A         4    N/A
 Summon Ice Beast         Ice/Summ       Unusable     N/A         4    N/A
 Lightning Bolt           Conj/Air       Unusable     N/A         5    N/A

Dungeon Overview and Level Annotations

Branches:
Dungeon (15/15)            Temple (1/1) D:4            Lair (6/6) D:8
 Shoals (0/4) Lair:4        Snake (4/4) Lair:2        Slime (0/5) Lair:5
    Orc (2/2) D:11            Elf (0/3) Orc:2        Vaults (2/5) D:14
 Depths (3/5) D:15         Bailey (visited)
  Crypt: Vaults:2-3

Altars:
Ashenzari
Cheibriados
Dithmenos
Elyvilon
Fedhas
Gozag
Hepliaklqana
Kikubaaqudgha
Makhleb
Nemelex Xobeh
Okawaru
Qazlal
Ru
Sif Muna
Trog
Uskayaw
Vehumet
Wu Jian
Xom
Yredelemnul
Zin
The Shining One
Beogh
Jiyva
Lugonu

Shops:
D:4 *   D:7 *   Orc:1 [   Orc:2 :}*%   Snake:1 }}=   Depths:2 !

Portals:
Hell: Depths:1 Depths:2 Depths:3
Abyss: Depths:3
Pandemonium: Depths:1 Depths:3
Ziggurat: Depths:1

Annotations:
D:1 exclusion: 2 downstairs
D:3 2 transporters
D:6 1 exclusion
D:12 exclusion: downstairs
Lair:5 exclusion: downstairs
Snake:3 exclusion: downstairs
Orc:1 exclusion: downstairs
Vaults:1 exclusion: orange crystal statue
Depths:1 2 transporters, Rurylill's ghost, veteran CeHu
Depths:2 exclusion: downstairs
Depths:3 1 runed translucent door


Innate Abilities, Weirdness & Mutations

You have hooves in place of feet.
Armour fits poorly on your strangely shaped body.
You cover ground very quickly.
You have extremely tough skin. (AC +3)
You cannot be stealthy.
You cannot study or use magical devices.
You are hated by all.
You cannot study or cast Air magic.
You cannot study or cast Necromancy magic.
You cannot study or cast Translocations magic.
You are somewhat unskilled. (-1 Apt)


Message History

The golden dragon tramples itself but does no damage.
The great orb of eyes gazes at you. You resist with almost no effort.
The sphinx casts a spell.
Something smites you!
* * * LOW HITPOINT WARNING * * *
A polar bear and a redback come into view.
Unknown command.
Unknown command.
Blink to where?
Press: ? - help, Dir - move target cursor You are very lightly contaminated with residual magic.
As you read the scroll of blinking, it crumbles to dust.
A spriggan defender and a fire giant come into view.
The spriggan defender is wielding a +1 lajatang of speed.
The fire giant is wielding a +2 great sword of flaming.
The titan shouts!
The spriggan defender shouts!
The fire giant shouts!
The sphinx shouts!
You hear a trumpeting!
The jiangshi claws you but does no damage.
The jiangshi claws you!
You die...

##.....†..................#.....
#......>.......##..........(....
#.....###....###..........(.....
#.....###...##)##...............
#...........#i}.#..#............
#..........##.C.##..#.....##....
#..)......####'###........##....
##....#....##.....##.............
#>#...##.^.#h...@..#.#...........
#.##...#..##..H..V.####..........
##.#......#...C.....##...........
##.......##.C...VC..##.......#...
#........#.G.H.....H^#.........##
#.......##.....V.....##.......##.
#.......#.............#.......#..
###....##§....yis...V.##.....##⌠.
#.....#.D...C...y #.....##..


You could see 2 titans, a frost giant, a fire giant, 3 sphinxes, 2 spriggan
defenders, a great orb of eyes, a spark wasp, 3 jiangshi, a vampire mage, a
polar bear and a redback.

Vanquished Creatures
  Bai Suzhen (Snake:3)
  Jorgrun (Orc:1)
  An Ice Fiend (Depths:2)
  A lich (Depths:2)
  The ghost of Gargoyl the Corrupter of Planes, an adept CeAK of Lugonu (Snake:3)
  The ghost of Fuips the Warrior, an adept MiBe of Trog (Snake:2)
  Kirke (D:13)
  Donald (Snake:2)
  3 fire giants
  The ghost of Ijustatesigmund the Warrior, a journeyman MiFi of Cheibriados (D:15)
  4 nagarajas (Snake:4)
  Louise (Depths:3)
  2 vault wardens (Vaults:1)
  5 frost giants
  Aizul (Snake:3)
  4 ironheart preservers
  A spriggan defender (Depths:2)
  7 stone giants
  7 very ugly things
  A lorocyproca (Depths:1)
  A minotaur (D:15)
  A dire elephant (Lair:6)
  6 ettins
  10 yaktaur captains
  5 jiangshi (Depths:1)
  6 fire dragons
  20 naga warriors
  10 ice dragons
  5 great orbs of eyes
  7 hydras
  4 rakshasas
  6 centaur warriors
  2 catoblepae
  13 anacondas
  3 ogre magi
  2 death knights
  A merfolk avatar (Lair:6)
  9 two-headed ogres
  Erica (Lair:2)
  3 deep troll shamans
  2 vampire magi
  A deep troll earth mage (Depths:3)
  7 tengu warriors
  14 naga sharpshooters
  10 shock serpents
  A soul eater (Depths:1)
  A spriggan berserker (Depths:3)
  Sonja (D:11)
  A sun demon (Depths:1)
  A deep elf knight (Vaults:1)
  2 shadow wraiths
  7 salamander mystics
  2 iron trolls
  A hell knight (Depths:3)
  A sixfirhy (Depths:1)
  6 skeletal warriors
  A golden dragon zombie (Depths:1)
  8 deep trolls
  A sea snake (Lair:6)
  6 orc knights
  4 glowing orange brains
  2 unseen horrors
  2 spriggan druids (Depths:2)
  A torturous demonspawn (Depths:1)
  2 harpies (Lair:6)
  8 naga ritualists (Snake:4)
  A deep elf archer (Vaults:1)
  A glowing orange brain (shapeshifter) (Depths:1)
  3 lindwurms (Snake:4)
  2 necromancers
  3 wizards
  10 mana vipers
  3 wolf spiders (Vaults:1)
  A fire giant zombie (Depths:1)
  8 orc sorcerers (Orc:2)
  3 manticores
  2 deep elf magi (D:15)
  12 elephants
  7 cyclopes
  31 ugly things
  9 guardian serpents
  A merfolk siren (Lair:4)
  32 naga magi
  27 black mambas
  6 salamanders
  2 ice statues (Depths:2)
  Joseph (D:7)
  A titan simulacrum (Depths:1)
  3 vault sentinels
  12 spiny frogs
  A gargoyle (D:15)
  A spriggan zombie (Depths:1)
  33 yaktaurs
  21 rime drakes
  A spriggan skeleton (Depths:1)
  3 centaur skeletons
  3 kobold demonologists
  An efreet (D:14)
  9 komodo dragons
  A yaktaur zombie (Depths:1)
  An entropy weaver simulacrum (Vaults:1)
  4 freezing wraiths
  An ice devil (Depths:2)
  A tengu conjurer (D:14)
  A harpy zombie (D:15)
  2 meliai (Lair:4)
  A queen bee (Lair:4)
  A wind drake (shapeshifter) (D:14)
  A polar bear (shapeshifter) (Depths:1)
  4 polar bears
  A wind drake (Lair:6)
  A tengu simulacrum (Vaults:1)
  8 trolls
  Grinder (D:5)
  7 hornets
  4 blink frogs (Lair:2)
  9 hippogriffs
  30 slime creatures
  A fire dragon zombie (Depths:1)
  A hippogriff (shapeshifter) (Depths:1)
  Sigmund (D:6)
  A centaur simulacrum (D:14)
  A spriggan (shapeshifter) (Depths:2)
  2 shadows
  21 spriggans (Depths:2)
  A fire dragon skeleton (Depths:1)
  3 wraiths
  10 wyverns
  A yak (shapeshifter) (Depths:2)
  A vampire (D:14)
  48 yaks
  6 water elementals (D:15)
  2 hogs (D:13)
  A human (D:13)
  3 basilisks
  Eustachio (D:6)
  2 hungry ghosts
  4 vampire mosquitoes
  5 steam dragons (Lair:4)
  5 wargs (Orc:2)
  Menkaure (D:7)
  Edmund (D:6)
  51 nagas
  A floating eye (Depths:2)
  3 soldier ants (shapeshifter)
  12 water moccasins
  8 porcupines
  Duvessa (D:5)
  2 tengu zombies (Depths:1)
  34 orc warriors
  3 black bears
  9 ice beasts
  2 necrophages
  6 sky beasts
  A boggart (shapeshifter) (Depths:1)
  5 centaurs
  2 phantoms
  5 boggarts (Vaults:1)
  16 ogres
  3 wolves (Lair:6)
  An ogre (shapeshifter) (Depths:1)
  16 crocodiles
  Blork the orc (D:5)
  2 big kobolds (D:11)
  23 bullfrogs
  3 gnoll sergeants (D:11)
  Dowan (D:5)
  6 scorpions
  43 killer bees
  9 wights
  A vampire bat (Lair:6)
  7 electric eels
  A howler monkey (D:9)
  A bullfrog zombie (D:5)
  8 crimson imps
  5 quasits
  4 hounds
  15 orc priests
  2 gnoll shamans
  3 bullfrog skeletons
  An iron imp (Depths:1)
  4 jellies
  Terence (D:2)
  4 iguanas
  41 orc wizards
  A hell rat (Lair:4)
  8 worker ants
  12 gnolls
  2 howler monkey skeletons
  16 adders
  3 shadow imps
  A white imp (Depths:1)
  2 ufetubi (Depths:1)
  2 oozes
  An adder skeleton (D:9)
  An adder zombie (D:7)
  2 worms
  A dart slug (D:2)
  4 leopard geckos
  146 orcs
  A ball python (D:1)
  7 giant cockroaches
  16 goblins
  22 hobgoblins
  6 jackals
  4 quokkas
  16 bats
  8 frilled lizards
  A giant cockroach zombie (D:6)
  A jackal zombie (D:5)
  13 kobolds
  A quokka skeleton (D:4)
  A quokka zombie (D:7)
  14 rats
  A demonic plant (Temple)
  2 fungi (Lair:6)
1392 creatures vanquished.

Vanquished Creatures (others)
  2 nagarajas
  A two-headed ogre (D:15)
  A tengu warrior (Depths:2)
  2 naga sharpshooters
  A vampire mage (Depths:1)
  A hell knight (Depths:3)
  A deep troll (Depths:2)
  A lindwurm (Snake:4)
  Maurice (D:8)
  2 black mambas
  A guardian serpent (Snake:4)
  A naga mage (Snake:4)
  2 rime drakes
  3 yaktaurs
  A meliai (Lair:4)
  A wyvern (Lair:6)
  A spriggan (Depths:2)
  A yak (Lair:2)
  A steam dragon (Lair:4)
  A naga (Snake:3)
  2 ogres
  A crimson imp (Depths:1)
  An orc wizard (Orc:2)
  A gnoll (D:11)
  2 shadow imps (Depths:1)
  2 orcs (Orc:2)
  9 fungi
  27 plants
71 creatures vanquished.

Grand Total: 1463 creatures vanquished

Notes
Turn   | Place    | Note
-------+----------+-------------------------------------------
     0 | D:1      | Htamos the Centaur Monk began the quest for the Orb.
     0 | D:1      | Reached XP level 1. HP: 19/19 MP: 1/1
    46 | D:1      | Reached XP level 2. HP: 18/26 MP: 2/2
   724 | D:1      | Reached XP level 3. HP: 31/31 MP: 3/3
  1608 | D:2      | Noticed Terence
  1619 | D:1      | Reached XP level 4. HP: 29/39 MP: 4/4
  1718 | D:2      | Found a shadowy altar of Dithmenos.
  1820 | D:2      | Killed Terence
  1820 | D:2      | Reached skill level 1 in Armour
  2778 | D:3      | Reached XP level 5. HP: 43/46 MP: 5/5
  3110 | D:3      | Found a transporter.
  3635 | D:3      | Found a shimmering blue altar of Sif Muna.
  3763 | D:3      | Found a transporter.
  3809 | D:3      | Found a hide-covered altar of Uskayaw.
  3809 | D:3      | Found a white marble altar of Elyvilon.
  3881 | D:3      | Reached XP level 6. HP: 33/53 MP: 6/6
  4195 | D:3      | Noticed a moth of wrath
  4198 | D:3      | Found a bloodstained altar of Trog.
  4333 | D:4      | Found a glowing silver altar of Zin.
  4660 | D:4      | Found Feom Yhell's Assorted Antiques.
  5060 | D:4      | Found a staircase to the Ecumenical Temple.
  5085 | Temple   | Entered the Ecumenical Temple
  5274 | D:4      | Noticed an angel
  5308 | D:4      | Reached XP level 7. HP: 60/60 MP: 7/7
  5355 | D:4      | Found a shimmering altar of Xom.
  5587 | D:5      | Entered Level 5 of the Dungeon
  5946 | D:4      | Reached skill level 5 in Fighting
  6084 | D:5      | Noticed Duvessa
  6088 | D:5      | Noticed Dowan
  6107 | D:5      | Killed Duvessa
  6107 | D:5      | Reached skill level 1 in Long Blades
  6110 | D:5      | Killed Dowan
  6268 | D:5      | Reached XP level 8. HP: 68/69 MP: 8/8
  6293 | D:5      | Found a shattered altar of Ashenzari.
  6513 | D:5      | Noticed Grinder
  6518 | D:5      | Paralysed by Grinder for 3 turns
  6527 | D:5      | Killed Grinder
  6829 | D:6      | Noticed Blork the orc
  6851 | D:5      | Killed Blork the orc
  7143 | D:6      | Noticed Sigmund
  7154 | D:6      | Killed Sigmund
  7229 | D:6      | Noticed Eustachio
  7230 | D:6      | Noticed Edmund
  7264 | D:6      | Killed Edmund
  7608 | D:6      | Killed Eustachio
  7641 | D:6      | Reached XP level 9. HP: 67/78 MP: 9/9
  7689 | D:6      | Reached skill level 5 in Dodging
  8716 | D:7      | Noticed Menkaure
  8726 | D:7      | Killed Menkaure
  8779 | D:7      | Found a sacrificial altar of Ru.
  8779 | D:7      | Found an ancient bone altar of Kikubaaqudgha.
  8780 | D:7      | Found a basalt altar of Yredelemnul.
  8795 | D:7      | Became a worshipper of Ru the Awakened
  8812 | D:7      | Gained mutation: You cannot be stealthy. [Ru sacrifice]
  9052 | D:7      | Reached skill level 1 in Bows
  9166 | D:7      | Noticed Joseph
  9187 | D:7      | Killed Joseph
  9187 | D:7      | Reached skill level 3 in Bows
  9378 | D:7      | Found Mucsadgh's Serpentskin Sales.
  9386 | D:7      | Bought a +2 chain mail of poison resistance for 203 gold
                  | pieces
  9856 | D:8      | Reached skill level 5 in Armour
  9912 | D:8      | Reached skill level 4 in Bows
  9933 | D:8      | Noticed Maurice
  9982 | D:8      | Killed Maurice
  9982 | D:8      | Reached XP level 10. HP: 20/86 MP: 10/10
 10276 | D:8      | Reached skill level 5 in Long Blades
 10276 | D:8      | Reached skill level 5 in Bows
 10561 | D:8      | Found a staircase to the Lair.
 10687 | D:8      | Found a glowing golden altar of the Shining One.
 10921 | D:8      | Found an ornate altar of the Wu Jian Council.
 11493 | D:9      | Reached skill level 6 in Bows
 11501 | D:9      | Found a radiant altar of Vehumet.
 12461 | D:9      | Gained mutation: You are hated by all. [Ru sacrifice]
 12461 | D:9      | Reached * piety under Ru
 12461 | D:9      | Reached ** piety under Ru
 12479 | D:9      | Got a transparent short sword
 12480 | D:9      | Identified the +5 short sword "Q" {venom, MR++ Str+2 Int+2}
                  | (You found it on level 9 of the Dungeon)
 12562 | D:9      | Reached skill level 7 in Bows
 12649 | D:10     | Entered Level 10 of the Dungeon
 13099 | D:10     | Noticed a sea snake
 13147 | D:10     | Reached skill level 5 in Short Blades
 13246 | D:11     | Reached skill level 8 in Bows
 13338 | D:11     | Found a flagged portal.
 13350 | D:11     | Noticed a red ugly thing
 13353 | Bailey   | Entered a bailey
 13617 | Bailey   | Found an iron altar of Okawaru.
 13633 | Bailey   | Reached XP level 11. HP: 92/95 MP: 11/11
 13648 | Bailey   | Noticed a sun demon
 14149 | Bailey   | Noticed an orc knight
 14150 | Bailey   | Noticed an orc knight
 14267 | Bailey   | Killed an orc knight
 14328 | Bailey   | Killed an orc knight
 14328 | Bailey   | Reached skill level 9 in Bows
 14701 | Bailey   | Noticed an orc knight
 14741 | Bailey   | Killed an orc knight
 15409 | D:10     | Killed a red ugly thing
 15934 | D:10     | Noticed a sea snake
 15997 | D:10     | Gained mutation: You cannot study or cast Air magic. [Ru
                  | sacrifice]
 15997 | D:10     | Gained mutation: You cannot study or cast Necromancy magic.
                  | [Ru sacrifice]
 15997 | D:10     | Gained mutation: You cannot study or cast Translocations
                  | magic. [Ru sacrifice]
 15997 | D:10     | Reached *** piety under Ru
 16179 | D:11     | Reached skill level 10 in Bows
 16289 | D:11     | Noticed Sonja
 16389 | D:11     | Found a staircase to the Orcish Mines.
 16800 | D:11     | Noticed a two-headed ogre
 16838 | D:11     | Killed a two-headed ogre
 17054 | D:11     | Killed Sonja
 17608 | D:11     | Reached XP level 12. HP: 101/105 MP: 12/12
 18517 | D:12     | Noticed a seven-headed hydra
 18529 | D:12     | Killed a seven-headed hydra
 18529 | D:12     | Reached skill level 10 in Fighting
 18542 | D:12     | Noticed an eight-headed hydra
 18602 | D:12     | Gained mutation: You cannot study or use magical devices.
                  | [Ru sacrifice]
 18602 | D:12     | Reached **** piety under Ru
 18602 | D:12     | Reached ***** piety under Ru
 18610 | D:12     | Killed an eight-headed hydra
 18772 | D:12     | Noticed a catoblepas
 18810 | D:12     | Killed a catoblepas
 21014 | Orc:1    | Entered Level 1 of the Orcish Mines
 21263 | Orc:1    | Noticed Jorgrun
 21283 | Orc:1    | Killed Jorgrun
 21283 | Orc:1    | Reached XP level 13. HP: 88/115 MP: 13/13
 21372 | Orc:1    | Found Ylastoeff's Antique Armour Shoppe.
 21380 | Orc:1    | Bought a distressingly furry robe for 199 gold pieces
 21380 | Orc:1    | Identified the +0 robe "Jafy" {Regen+ Dex+6} (You bought it
                  | in a shop on level 1 of the Orcish Mines)
 21700 | Orc:2    | Entered Level 2 of the Orcish Mines
 22076 | Orc:2    | Found a staircase to the Elven Halls.
 22849 | Orc:2    | Found Nuass's Food Emporium.
 22849 | Orc:2    | Found Alissogu's Assorted Antiques.
 22899 | Orc:2    | Bought a scroll of enchant armour for 210 gold pieces
 22899 | Orc:2    | Bought 2 potions of might for 224 gold pieces
 22910 | Orc:2    | Found a roughly hewn altar of Beogh.
 22934 | Orc:2    | Found Ewesch's Gadget Emporium.
 22934 | Orc:2    | Found Eleiboo's Book Boutique.
 23574 | Lair:1   | Entered Level 1 of the Lair of Beasts
 24340 | Lair:2   | Reached skill level 11 in Bows
 24361 | Lair:2   | Found a staircase to the Snake Pit.
 25065 | Lair:2   | Noticed Erica
 25077 | Lair:2   | Killed Erica
 26260 | Lair:4   | Reached XP level 14. HP: 110/126 MP: 14/14
 26533 | Lair:4   | Reached skill level 12 in Bows
 26746 | Lair:4   | Reached skill level 10 in Short Blades
 27383 | Lair:4   | Got a polished mace
 28002 | Lair:4   | Found a staircase to the Shoals.
 28886 | Lair:5   | Reached skill level 10 in Dodging
 29219 | Lair:5   | Got a heavily runed tin ring
 29220 | Lair:5   | Identified the ring of Nofu {rElec Stlth-} (You found it on
                  | level 5 of the Lair of Beasts)
 29260 | Lair:5   | Identified the cursed +1 mace of the Moon {freeze, +Blink
                  | +Fly rPois} (You found it on level 4 of the Lair of Beasts)
 29289 | Lair:5   | Reached skill level 13 in Bows
 29430 | Lair:5   | Found a runed translucent door.
 29430 | Lair:5   | Found a viscous altar of Jiyva.
 29430 | Lair:5   | Found a staircase to the Slime Pits.
 29593 | Lair:6   | Entered Level 6 of the Lair of Beasts
 30419 | Lair:6   | Gained mutation: You are somewhat unskilled. (-1 Apt) [Ru
                  | sacrifice]
 30419 | Lair:6   | Reduced skill Bows to level 12
 30419 | Lair:6   | Reached ****** piety under Ru
 30534 | Lair:6   | Reached skill level 10 in Short Blades
 31246 | Lair:6   | Reached XP level 15. HP: 88/132 MP: 15/15
 31799 | Lair:6   | Got a transparent shortbow
 31801 | Lair:6   | Identified the cursed +2 shortbow "Suobruwn" {flame, Dex+9}
                  | (You found it on level 6 of the Lair of Beasts)
 32123 | Snake:1  | Entered Level 1 of the Snake Pit
 32636 | Snake:1  | Reached skill level 13 in Bows
 32984 | Snake:1  | Found Ydatid's Jewellery Shop.
 32984 | Snake:1  | Found Fazu's Gadget Shoppe.
 32985 | Snake:1  | Found Minamofo's Gadget Shoppe.
 32993 | Snake:1  | Bought the ring "Wacoupis" {AC+1 Slay+2 SInv} for 316 gold
                  | pieces
 34278 | Snake:2  | Reached skill level 10 in Dodging
 34552 | Snake:2  | Noticed Donald
 34571 | Snake:2  | Killed Donald
 34996 | Snake:2  | Found a runed translucent gate.
 34996 | Snake:2  | Found a runed translucent gate.
 34996 | Snake:2  | Found a runed translucent gate.
 34996 | Snake:2  | Noticed Fuips's ghost (adept MiBe)
 35282 | Snake:2  | Killed Fuips's ghost
 35639 | Snake:3  | Noticed a nagaraja
 35792 | Snake:2  | Killed a nagaraja
 36429 | Snake:3  | Reached skill level 14 in Bows
 36504 | Snake:3  | Got a heavily runed ring mail
 36505 | Snake:3  | Identified the +2 ring mail "Ofraa" {MR+} (You found it on
                  | level 3 of the Snake Pit)
 37153 | Snake:3  | Reached XP level 16. HP: 135/143 MP: 16/16
 37498 | Snake:4  | Entered Level 4 of the Snake Pit
 38026 | Snake:4  | Noticed Aizul
 38057 | Snake:3  | Killed Aizul
 38824 | Snake:4  | Noticed Bai Suzhen
 39232 | Snake:3  | Killed Bai Suzhen
 40256 | Snake:4  | Found a runed translucent door.
 40265 | Snake:4  | Noticed Gargoyl's ghost (adept CeAK)
 40282 | Snake:4  | Reached skill level 15 in Bows
 42179 | Snake:4  | Reached XP level 17. HP: 102/151 MP: 4/17
 44361 | Snake:4  | Got a serpentine rune of Zot
 44873 | Snake:3  | Killed Gargoyl's ghost
 45748 | D:13     | Reached skill level 16 in Bows
 46199 | D:13     | Noticed Kirke
 46214 | D:13     | Killed Kirke
 47606 | D:14     | Found a gate to the Vaults.
 47616 | Vaults:1 | Entered Level 1 of the Vaults
 51476 | Vaults:1 | Reached skill level 15 in Fighting
 51523 | Vaults:1 | Reached XP level 18. HP: 140/163 MP: 18/18
 51656 | Vaults:2 | Reached skill level 17 in Bows
 52963 | Vaults:2 | Noticed a lich
 53131 | Vaults:1 | Upgraded the game from 0.24-a0-592-g9a1d66b0e3 to
                  | 0.24-a0-613-g1ff6aac338
 53235 | D:15     | Entered Level 15 of the Dungeon
 53469 | D:15     | Found a staircase to the Depths.
 53621 | D:15     | Found a runed translucent gate.
 53622 | D:15     | Found a runed translucent gate.
 53630 | D:15     | Noticed Ijustatesigmund's ghost (journeyman MiFi)
 53747 | D:15     | Found a blossoming altar of Fedhas.
 53884 | D:15     | Found a runed translucent gate.
 54903 | D:15     | Killed Ijustatesigmund's ghost
 55243 | D:15     | Found a blossoming altar of Fedhas.
 55300 | Depths:1 | Entered Level 1 of the Depths
 57945 | Depths:1 | Found a transporter.
 57956 | Depths:1 | Found a transporter.
 57964 | Depths:1 | Noticed a juggernaut
 57965 | Depths:1 | Noticed Rurylill's ghost (veteran CeHu)
 57967 | Depths:1 | Found a bloodstained altar of Trog.
 57968 | Depths:1 | Identified the +5 rapier of Valour {flame, rF+ MP+9}
 57968 | Depths:1 | Identified the ring of the Cricket {rF+ rC+ rN+ Str+5}
 57976 | Depths:1 | Identified the +5 rapier "Oluaph" {speed, Int+5 Stlth+}
 57991 | Depths:1 | Identified the +5 rapier of the Spheres {holy, rN+ MR+
                  | Int+2}
 58026 | Depths:1 | Reached skill level 18 in Bows
 59439 | Depths:1 | Found a gateway to a ziggurat.
 59487 | Depths:1 | Found a gateway to Hell.
 59810 | Depths:1 | Got a slimy brass ring
 59811 | Depths:1 | Identified the ring "Attixeah" {rPois rN+ Str+4} (You found
                  | it on level 1 of the Depths)
 59819 | Depths:1 | Got a scorched trident
 59820 | Depths:1 | Identified the +3 trident "Sirataa" {pierce, rC+} (You
                  | found it on level 1 of the Depths)
 59823 | Depths:1 | Got a heavily jewelled robe
 59824 | Depths:1 | Identified the +3 robe "Ofimatz" {Str+2} (You found it on
                  | level 1 of the Depths)
 61147 | Depths:1 | Reached XP level 19. HP: 151/172 MP: 19/19
 61284 | Depths:1 | Found a one-way gate leading to the halls of Pandemonium.
 62646 | Depths:2 | Got a brightly glowing plate armour
 62647 | Depths:2 | Identified the +6 plate armour of Resilience {Dex+6 SInv}
                  | (You found it on level 2 of the Depths)
 63402 | Depths:2 | Reached skill level 19 in Bows
 64350 | Depths:2 | Noticed a Brimstone Fiend
 64882 | Depths:2 | Found Weurgh's Distillery.
 64890 | Depths:2 | Bought 2 potions of degeneration for 40 gold pieces
 64890 | Depths:2 | Bought a potion of curing for 60 gold pieces
 64890 | Depths:2 | Bought a potion of curing for 60 gold pieces
 66124 | Depths:3 | Found a one-way gate to the infinite horrors of the Abyss.
 66124 | Depths:3 | Noticed Louise
 66172 | Depths:3 | Killed Louise
 66516 | Depths:3 | Identified the +7 quarterstaff of Dady {vamp, Int+3}
 66761 | Depths:3 | Found a runed translucent door.
 66923 | Depths:3 | Reached skill level 15 in Short Blades
 67072 | Depths:3 | Noticed a golden dragon
 68270 | Depths:3 | Slain by a jiangshi

Levels and vault maps discovered:
D:1:      tarquinn_simple_flora_water_a, layout_loops_cross, minmay_pentomino_z2
D:2:      layout_rooms, old_standard_altar, uniq_terence
D:3:      gammafunk_steamed_eel, layout_basic, nicolae_overflow_crystal_walls,
          tgw_trog, gammafunk_temple_overflow_wave, first_ration,
          minmay_misc_feat_tower
D:4:      layout_gridville, grunt_temple_overflow_order_and_chaos_1,
          minmay_temple_entry_gardened_gates, serial_shops, shop
D:5:      layout_cave_pools, nicolae_ashenzari_panopticon, uniq_grinder,
          uniq_duvessa
D:6:      layout_layer_cave, serial_bayou_lake_a, uniq_eustachio, uniq_sigmund,
          uniq_edmund, uniq_blork_the_orc
D:7:      layout_basic, gammafunk_temple_overflow_claw, guppyfry_shop_venom,
          uniq_menkaure, uniq_joseph
D:8:      layout_rooms, lemuel_doored_altar, tso_altar, david_lair_shrubbed,
          grunt_ogre_cave, uniq_maurice
D:9:      layout_loops_cross, basic_altar, special_room [special_room_orc],
          minmay_misc_feat_diagonals
D:10:     layout_rooms, serial_aquarium, aquarium_bridge_square
          [aquarium_subvault_window, aquarium_subvault_bridge,
          aquarium_subvault_wall, aquarium_subvault_balcony],
          aquarium_bridge_straight [aquarium_subvault_bridge,
          aquarium_subvault_balcony, aquarium_subvault_bridge,
          aquarium_subvault_window], aquarium_window_1, aquarium_window_3,
          aquarium_view_4, aquarium_view_2b, aquarium_balcony_5b,
          lemuel_flamethrower_hall
D:11:     layout_roguey, kennysheep_orc_monster_closet_entryway,
          portal_ice_cave_rime, enter_bailey_2, special_room [special_room_orc],
          uniq_sonja
D:12:     minmay_imperfect_grid, layout_loops_ring, gauntlet_entry_generic,
          minmay_misc_feat_cross, hangedman_decor_peaks_small
D:13:     layout_loops_corners, uniq_kirke
D:14:     layout_cave_pools, david_vaults_4, kennysheep_nondescript
D:15:     grunt_enter_depths_magical_seal, layout_basic,
          maelrawn_ghost_gauntlet_escape, fedhas_altar_4
Temple:   corrupted_temple
Lair:1:   layout_loops_ring, grunt_megastairs_1
Lair:2:   layout_cave_shapes, guppyfry_snake_entry_island, uniq_erica
Lair:3:   layout_misc_corridors, lemuel_fruit_tree
Lair:4:   regret_index_wax_grids, layout_cave_shapes, elwin_shoals_entry_rooms,
          bobbens_dragon_lair_wall
Lair:5:   layout_gridlike, slime_altar_2
Lair:6:   gammafunk_lair_ancient_temple, layout_cave_pods, roderic_batcave,
          nicolae_quartered_pool_super
Snake:1:  layout_chambers, grunt_ministairs_10, minmay_shop_grove
Snake:2:  layout_rooms, ebering_ghost_rock_garden, st_stairs_3,
          corexii_hall_statues_s, serial_bayou_pond_a, drop_trap, uniq_donald
Snake:3:  layout_rooms, drop_trap, st_stairs_9, guppyfry_library_mini
Snake:4:  snake_pit_salamanders_mu, layout_misc_corridors,
          ebering_ghost_reflecting_pool, st_stairs_5, uniq_bai_suzhen,
          uniq_aizul
Orc:1:    layout_caves, serial_shops, nicolae_shop_behind_doors,
          nicolae_orc_sculptors_studio, minmay_orc_keep, uniq_jorgrun
Orc:2:    st_orc_town, layout_caves
Vaults:1: v_alt_pattern_4, nicolae_vaults_network_periphery,
          nicolae_vaults_hallways_thing, grunt_vaults_twisty,
          nicolae_vaults_puzzle_piece, vaults_room_ringed_pool,
          hangedman_vaults_trim, nicolae_vaults_network_quinsquares
          [nicolae_vaults_network_quincunx_subvault,
          nicolae_vaults_network_quincunx_subvault,
          nicolae_vaults_network_quincunx_subvault,
          nicolae_vaults_network_quincunx_subvault], vaults_room_semicircle,
          v_misc_30, nicolae_vaults_little_squares_5,
          nicolae_vaults_statue_guard, ontoclasm_vaults_pinch,
          layout_vaults_maze
Vaults:2: ontoclasm_vaults_claustrophobia, nicolae_vaults_network_square,
          v_alt_pattern_5, nicolae_vaults_little_squares_4, v_misc_8, v_rooms_1,
          v_pattern_3, hangedman_vaults_corner, vaults_standard_mumra_x,
          dpeg_vaults_pockets_of_resistance, v_misc_23,
          grunt_vaults_hallway_long, layout_vaults_omnicross
Depths:1: layout_basic, enter_ziggurat_a, corexii_corridor_pit,
          gammafunk_ghost_wrathful_warriors, grunt_pan_entry_spiral,
          pf_dread_powers_of_hell, minmay_the_grid_2x2
          [minmay_the_grid_minigrid_medium, minmay_the_grid_empty,
          minmay_the_grid_pillar_ring, minmay_the_grid_prize_diamond_cup]
Depths:2: minmay_spriggan_fort, layout_basic, hell_entry,
          hangedman_decor_lopped, serial_shops, shop, ice2_lemuel
Depths:3: minmay_open_boxes_in_corner, layout_cave_shapes,
          grunt_pan_entry_in_and_out, hell_entry,
          nicolae_abyss_entry_one_way_or_another, lightli_gold_pyramid,
          infiniplex_staircase_door_maze, grunt_megastairs_3

Skill      XL: |  1  2  3  4  5  6  7  8  9 10 11 12 13 14 15 16 17 18 19 |
---------------+----------------------------------------------------------+-----
Short Blades   | 3 4 5 6 8 9 10 11 12 13 14 15 | 15.1
Armour         | 1 2 3 4 5 6 7 8 7 |  7.6
Fighting       | 4 5 6 7 8 9 10 12 12 13 15 16 17 | 17.0
Dodging        | 3 4 5 6 7 8 9 9 10 11 | 11.4
Long Blades    | 1 3 4 5 4 |  4.9
Stealth        | 0 |  0.0
Bows           | 4 8 10 11 12 14 15 16 18 19 | 19.7

Action                   |  1- 3 |  4- 6 |  7- 9 | 10-12 | 13-15 | 16-18 | 19-21 || total
-------------------------+-------+-------+-------+-------+-------+-------+-------++-------
Melee: Short sword       |   113 |   326 |    84 |   794 |  1541 |  1559 |   357 ||  4774
       Kick              |    29 |    84 |   131 |   384 |   787 |   918 |   204 ||  2537
       Whip              |       |    15 |       |       |       |       |       ||    15
       Falchion          |       |     3 |   285 |   230 |    10 |   173 |    22 ||   723
       Rapier            |       |       |       |       |       |    72 |       ||    72
 Fire: Shortbow          |       |       |    11 |   194 |   836 |  1484 |  1018 ||  3543
Throw: Boomerang         |     5 |       |       |       |       |       |       ||     5
       Dart              |       |       |     2 |    70 |    24 |       |       ||    96
       Throwing net      |       |       |       |     3 |     1 |       |       ||     4
Invok: Sacrifice Stealth |       |       |     1 |       |       |       |       ||     1
       Sacrifice Love    |       |       |       |     1 |       |       |       ||     1
       Sacrifice Arcana  |       |       |       |     1 |       |       |       ||     1
       Sacrifice Artific |       |       |       |     1 |       |       |       ||     1
       Apocalypse        |       |       |       |       |     5 |     3 |       ||     8
       Reject Sacrifices |       |       |       |       |     1 |       |       ||     1
       Sacrifice Skill   |       |       |       |       |     1 |       |       ||     1
       Power Leap        |       |       |       |       |     3 |     1 |       ||     4
Evoke: Wand              |       |       |       |    12 |       |       |       ||    12
  Use: Scroll            |     1 |     5 |    10 |     7 |    18 |    20 |     4 ||    65
       Potion            |       |     4 |     6 |    11 |    13 |    11 |     2 ||    47
 Stab: Invisible         |       |       |     2 |     7 |    28 |    23 |    11 ||    71
       Distracted        |       |       |       |     3 |     8 |    13 |     2 ||    26
       Held in net/web   |       |       |       |     1 |     1 |       |       ||     2
       Petrifying        |       |       |       |       |     3 |       |       ||     3
       Paralysed         |       |       |       |       |     3 |     7 |     2 ||    12
       Petrified         |       |       |       |       |     2 |       |       ||     2
  Eat: Chunk             |     1 |    11 |     8 |    29 |    31 |    26 |     9 ||   115
       Ration            |       |       |     2 |     2 |     3 |    12 |     3 ||    22
Armor: Robe              |     8 |       |       |       |   170 |    21 |       ||   199
       Ring mail         |    34 |       |       |       |       |       |       ||    34
       Scale mail        |       |   101 |   156 |       |       |   155 |    45 ||   457
       Skin              |       |    38 |       |       |       |       |       ||    38
       Chain mail        |       |       |    24 |   135 |     6 |   342 |       ||   507
       Leather armour    |       |       |       |    20 |       |       |       ||    20
       Troll leather arm |       |       |       |    59 |       |       |       ||    59
       Plate armour      |       |       |       |       |       |       |   152 ||   152
Dodge: Dodged            |    54 |    88 |   172 |   445 |   705 |   662 |   204 ||  2330
       Deflected         |       |       |       |     1 |    60 |    89 |    29 ||   179
Block: Shield            |       |       |       |       |   348 |       |       ||   348
       Other             |       |       |       |       |    22 |   113 |       ||   135
       Reflection        |       |       |       |       |     5 |    14 |       ||    19
       Rpst.: Falchion   |       |     1 |    43 |    23 |       |    19 |     1 ||    87

Table legend:
 A = Non-vault XP
 B = Vault XP
 C = Vault XP percentage of total XP
 D = Non-vault monster count
 E = Vault monster count
 F = Vault count percentage of total count
                 A         B        C        D         E       F
            +---------+---------+-------+---------+---------+-------
      Total |  259987 |  208652 |  44.5 |     845 |     572 |  40.4
            +---------+---------+-------+---------+---------+-------
        D:1 |      78 |       4 |   4.9 |      32 |       2 |   5.9
        D:2 |     114 |      36 |  24.0 |      19 |       1 |   5.0
        D:3 |     241 |       9 |   3.6 |      42 |       5 |  10.6
        D:4 |     442 |       0 |   0.0 |      28 |       0 |   0.0
        D:5 |     326 |     601 |  64.8 |      11 |       4 |  26.7
        D:6 |     496 |     581 |  53.9 |      11 |       3 |  21.4
        D:7 |    1144 |     769 |  40.2 |      26 |       4 |  13.3
        D:8 |     563 |     809 |  59.0 |       9 |       3 |  25.0
        D:9 |    2061 |     222 |   9.7 |      33 |      18 |  35.3
       D:10 |    2373 |       0 |   0.0 |      25 |       0 |   0.0
       D:11 |    3881 |    4027 |  50.9 |      27 |      43 |  61.4
       D:12 |    4525 |    7929 |  63.7 |      30 |      25 |  45.5
       D:13 |    7844 |    2597 |  24.9 |      42 |       3 |   6.7
       D:14 |    4758 |    1414 |  22.9 |      16 |       2 |  11.1
       D:15 |   17115 |   12101 |  41.4 |      27 |      19 |  41.3
     Lair:1 |    2383 |     756 |  24.1 |      10 |       2 |  16.7
     Lair:2 |    5845 |    2414 |  29.2 |      26 |       4 |  13.3
     Lair:3 |    1600 |       0 |   0.0 |       6 |       0 |   0.0
     Lair:4 |    3538 |   15919 |  81.8 |      15 |      71 |  82.6
     Lair:5 |    6528 |     507 |   7.2 |      20 |       4 |  16.7
     Lair:6 |   10946 |    9536 |  46.6 |      45 |      32 |  41.6
    Snake:1 |    8160 |     819 |   9.1 |      17 |       3 |  15.0
    Snake:2 |   13829 |    8254 |  37.4 |      32 |       7 |  17.9
    Snake:3 |   16375 |   14115 |  46.3 |      30 |      14 |  31.8
    Snake:4 |   20268 |   51164 |  71.6 |      40 |      75 |  65.2
      Orc:1 |     245 |    3409 |  93.3 |       5 |      10 |  66.7
      Orc:2 |    3110 |    5911 |  65.5 |      40 |      57 |  58.8
   Vaults:1 |   22182 |   21599 |  49.3 |      39 |      37 |  48.7
   Vaults:2 |    6111 |    4384 |  41.8 |       9 |       5 |  35.7
   Depths:1 |   35502 |   12294 |  25.7 |      57 |      27 |  32.1
   Depths:2 |   36890 |   15070 |  29.0 |      47 |      38 |  44.7
   Depths:3 |   20514 |    7628 |  27.1 |      29 |      10 |  25.6
     Bailey |       0 |    3774 | 100.0 |       0 |      44 | 100.0
            +---------+---------+-------+---------+---------+-------
